 Dungeon Crawl Stone Soup version 0.19.1 (webtiles) character file.

3775 Menchi the Carver (level 10, -11/74 HPs)
             Began as a Formicid Skald on Dec 15, 2016.
             Was a Believer of the Shining One.
             Mangled by PossumBlood's ghost (13 damage)
             ... on level 8 of the Dungeon.
             The game lasted 00:43:37 (9554 turns).

Menchi the Carver (Formicid Skald)                  Turns: 9554, Time: 00:43:38

Health: -11/74     AC:  9    Str: 20    XL:     10   Next: 38%
Magic:  14/17      EV: 13    Int: 19    God:    the Shining One [**....]
Gold:   474        SH:  0    Dex: 10    Spells: 3 memorised, 13 levels left

rFire  . . .     SeeInvis +     C - +0 rapier of Fips {freeze, Int+7}
rCold  . . .     Gourm    .     y - +0 troll leather armour
rNeg   + . .     Faith    .     (no shield)
rPois  .         Spirit   .     (helmet unavailable)
rElec  .         Reflect  .     g - +2 cloak
rCorr  .         Harm     .     i - +0 pair of gloves
MR     +....                    (no boots)
Stlth  +.........               (no amulet)
                                (no ring)
                                B - ring of wizardry

@: infused, glowing
A: permanent stasis, dig shafts and tunnels, four strong arms, antennae 3
a: Dig, Shaft Self, Divine Shield, Renounce Religion


You were on level 8 of the Dungeon.
You worshipped the Shining One.
The Shining One was pleased with you.
You were not hungry.

You visited 1 branch of the dungeon, and saw 8 of its levels.
You also visited: Sewer.

You collected 474 gold pieces.

Inventory:

Hand Weapons
 a - a +0 falchion
 C - the +0 rapier of Fips (weapon) {freeze, Int+7}
   (You found it on level 8 of the Dungeon)

   It has been specially enchanted to freeze those struck by it, causing extra
   injury to most foes and up to half again as much damage against particularly
   susceptible opponents.
   It can also slow down cold-blooded creatures.
   It affects your intelligence (+7).
Armour
 g - a +2 cloak (worn)
 i - a +0 pair of gloves (worn)
 y - a +0 troll leather armour (worn)
Jewellery
 B - a ring of wizardry (left hand)
Wands
 l - a wand of digging (11/24)
 n - a wand of enslavement (0/24)
 r - a wand of iceblast (0/15)
 t - a wand of iceblast (3/15)
Scrolls
 e - 9 scrolls of remove curse
 h - 3 scrolls of enchant armour
 w - 4 scrolls of identify
 x - a scroll of recharging {unknown}
Potions
 f - a potion of curing
 j - 2 potions of haste {unknown}
 k - a potion of invisibility {unknown}
 m - a potion of lignification {unknown}
 q - 3 potions of flight {unknown}
 s - 4 potions of heal wounds
 u - 2 potions of brilliance {unknown}
 z - a potion of ambrosia {unknown}
 A - a potion of beneficial mutation {unknown}
 D - a potion of might
Books
 c - a book of Battle

   Spells                             Type                      Level
   a - Infusion                       Charms                       1
   b - Shroud of Golubria             Charms/Translocation         2
   c - Song of Slaying                Charms                       2
   d - Spectral Weapon                Hexes/Charms                 3
   e - Regeneration                   Charms/Necromancy            3
 o - a book of Maledictions

   Spells                             Type                      Level
   a - Corona                         Hexes                        1
   b - Ensorcelled Hibernation        Hexes/Ice                    2
   c - Confuse                        Hexes                        3
   d - Tukima's Dance                 Hexes                        3
   e - Dazzling Spray                 Conjuration/Hexes            3
Comestibles
 b - 5 chunks of flesh
 d - 2 bread rations
 p - 3 meat rations


   Skills:
 + Level 5.2 Fighting
 + Level 9.0 Long Blades
 * Level 6.6 Armour
 + Level 4.6 Dodging
 + Level 2.0 Stealth
 + Level 4.7 Spellcasting
 + Level 5.3 Charms
 + Level 0.1 Translocations
 + Level 1.8 Evocations


You had 13 spell levels left.
You knew the following spells:

 Your Spells              Type           Power        Failure   Level  Hunger
a - Infusion              Chrm           ###.         1%          1    None
b - Song of Slaying       Chrm           ###.....     1%          2    #......
c - Shroud of Golubria    Chrm/Tloc      ###.......   4%          2    #......


Dungeon Overview and Level Annotations

Branches:
Dungeon (8/15)             Temple (0/1) D:6
   Lair: D:8-11

Altars:
Cheibriados
Elyvilon
Gozag
Hepliaklqana
Nemelex Xobeh
Qazlal
Ru
Sif Muna
Uskayaw
Zin
The Shining One

Annotations:
D:8 PossumBlood's ghost, novice MiFi


Innate Abilities, Weirdness & Mutations

You are under a permanent stasis effect.
You can dig through walls and to a lower floor.
Your four strong arms can wield two-handed weapons with a shield.
You have a pair of large antennae on your head. (SInv)


Message History

Press: ? - help, Shift-Dir - straight line, f - PossumBlood's ghost
Aim: PossumBlood's ghost (lightly damaged, haloed, immune to nets)
You throw a throwing net.
The throwing net hits PossumBlood's ghost.
The net passes right through PossumBlood's ghost!
PossumBlood's ghost is lightly damaged.
Your shroud begins to fray at the edges.
PossumBlood's ghost hits you!
* * * LOW HITPOINT WARNING * * *
Your shroud falls apart!
A jelly comes into view.
The jelly quivers.
Casting: Shroud of Golubria
Confirm with . or Enter, or press ? or * to list all spells.
You don't know that spell.
Zapping:
n - a wand of enslavement {zapped: 4} (will waste charges)
Press: ? - help, Shift-Dir - straight line, f/p - PossumBlood's ghost
Aim: PossumBlood's ghost (lightly damaged, haloed, chance to defeat MR: 14%) Nothing appears to happen.
PossumBlood's ghost hits you!
You die...

........# ........#
......... ........#
........# ........#
........######?#.##
.........(W@.......
.............########.J.
.............#
.............#
.............#
.............#
.............#
.............#
.............#####


You could see a jelly and PossumBlood's ghost.

Vanquished Creatures
  A komodo dragon (D:6)
  A troll (D:8)
  Prince Ribbit (D:7)
  A hippogriff (D:7)
  Grinder (Sewer)
  A water moccasin (D:6)
  A sky beast (D:8)
  3 ogres
  2 centaurs
  A crocodile (D:8)
  2 big kobolds (Sewer)
  2 bullfrogs
  3 scorpions
  9 killer bees
  2 howler monkeys
  4 crimson imps
  A quasit (Sewer)
  4 hounds
  A jelly (D:8)
  2 centaur zombies
  3 orc priests
  A centaur skeleton (D:4)
  An iguana (D:6)
  7 orc wizards
  A worker ant (D:5)
  5 big kobold zombies (Sewer)
  A worker ant zombie (D:8)
  A howler monkey skeleton (D:4)
  7 adders
  3 river rats (D:3)
  4 shadow imps
  2 ufetubi (Sewer)
  3 oozes
  An adder zombie (D:6)
  2 adder skeletons (D:5)
  A dart slug (D:1)
  A worm (D:3)
  4 leopard geckos
  16 orcs
  4 ball pythons
  7 giant cockroaches
  6 goblins
  9 hobgoblins
  6 jackals
  4 quokkas
  8 bats
  5 frilled lizards
  2 giant cockroach zombies
  23 kobolds
  25 rats
206 creatures vanquished.

Vanquished Creatures (others)
  An ooze (Sewer)
1 creature vanquished.

Grand Total: 207 creatures vanquished

Notes
Turn   | Place    | Note
-------+----------+-------------------------------------------
     0 | D:1      | Menchi the Formicid Skald began the quest for the Orb.
     0 | D:1      | Reached XP level 1. HP: 16/16 MP: 3/3
   188 | D:1      | Reached XP level 2. HP: 14/22 MP: 5/5
   350 | D:1      | Learned a level 2 spell: Song of Slaying
   685 | D:1      | Reached XP level 3. HP: 28/28 MP: 3/6
   985 | D:1      | Reached skill level 1 in Dodging
  1572 | D:2      | Found a sacrificial altar of Ru.
  1572 | D:2      | Found a hide-covered altar of Uskayaw.
  1574 | D:2      | Found a hazy altar of Hepliaklqana.
  1767 | D:2      | Found a white marble altar of Elyvilon.
  1769 | D:2      | Found a stormy altar of Qazlal.
  2166 | D:3      | Reached XP level 4. HP: 34/34 MP: 4/7
  2199 | D:3      | Reached skill level 3 in Long Blades
  2394 | D:3      | Found a glowing drain.
  2414 | D:3      | Reached XP level 5. HP: 34/40 MP: 6/8
  2487 | Sewer    | Entered a sewer
  2765 | Sewer    | Reached skill level 4 in Long Blades
  2765 | Sewer    | Reached XP level 6. HP: 28/46 MP: 10/10
  2946 | Sewer    | Found a burning altar of Makhleb.
  3334 | Sewer    | Noticed Grinder
  3348 | Sewer    | HP: 2/47 [big kobold zombie (3)]
  3352 | Sewer    | Killed Grinder
  3352 | Sewer    | Reached skill level 5 in Long Blades
  3352 | Sewer    | Reached XP level 7. HP: 3/52 MP: 2/11
  3360 | Sewer    | HP: 2/52 [big kobold zombie (3)]
  3938 | D:3      | Found a glowing golden altar of the Shining One.
  3982 | D:3      | Became a worshipper of the Shining One
  4216 | D:3      | Found a faded altar of an unknown god.
  4216 | D:3      | Found a deep blue altar of Sif Muna.
  4222 | D:3      | Found a faded altar of an unknown god.
  4224 | D:3      | Found a faded altar of an unknown god.
  4225 | D:3      | Found a faded altar of an unknown god.
  4500 | D:4      | Reached XP level 8. HP: 19/58 MP: 12/12
  4506 | D:4      | Reached skill level 6 in Long Blades
  5322 | D:4      | Found an opulent altar of Gozag.
  5375 | D:4      | Found a glowing golden altar of the Shining One.
  5455 | D:4      | Reached skill level 1 in Stealth
  5857 | D:5      | Entered Level 5 of the Dungeon
  5932 | D:5      | Found a sparkling altar of Nemelex Xobeh.
  6084 | D:5      | Reached skill level 7 in Long Blades
  6200 | D:5      | Reached * piety under the Shining One
  6301 | D:5      | Reached XP level 9. HP: 65/65 MP: 7/13
  7159 | D:6      | Reached skill level 5 in Armour
  7275 | D:6      | Found a staircase to the Ecumenical Temple.
  7518 | D:6      | Noticed a komodo dragon
  7535 | D:6      | Killed a komodo dragon
  8044 | D:7      | Noticed Prince Ribbit
  8147 | D:7      | Found a snail-covered altar of Cheibriados.
  8171 | D:7      | Reached skill level 8 in Long Blades
  8238 | D:7      | Killed Prince Ribbit
  8272 | D:7      | Found a glowing silver altar of Zin.
  8491 | D:7      | Noticed a hippogriff
  8500 | D:7      | Killed a hippogriff
  8555 | D:7      | Reached skill level 5 in Charms
  8565 | D:7      | Reached skill level 1 in Evocations
  8574 | D:7      | Reached XP level 10. HP: 29/73 MP: 1/16
  9023 | D:8      | Learned a level 2 spell: Shroud of Golubria
  9168 | D:8      | Reached skill level 5 in Fighting
  9337 | D:8      | Reached ** piety under the Shining One
  9488 | D:8      | Reached skill level 9 in Long Blades
  9508 | D:8      | Got a polished rapier
  9515 | D:8      | Identified the cursed +0 rapier of Fips {freeze, Int+7} (You found it on level 8 of the Dungeon)
  9534 | D:8      | Noticed PossumBlood's ghost (novice MiFi)
  9552 | D:8      | HP: 1/74 [PossumBlood's ghost (8)]
  9554 | D:8      | Mangled by PossumBlood's ghost

Skill      XL: |  1  2  3  4  5  6  7  8  9 10 |
---------------+-------------------------------+-----
Dodging        | 1 2 3 4 |  4.6
Long Blades    | 3 4 5 7 8 9 |  9.0
Armour         | 2 3 4 5 6 |  6.6
Fighting       | 3 4 5 |  5.2
Stealth        | 1 2 |  2.0
Charms         | 5 |  5.3
Spellcasting   | 4 |  4.7
Evocations     | 1 |  1.8
Translocations | |  0.1

Action                   |  1- 3 |  4- 6 |  7- 9 | 10-12 || total
-------------------------+-------+-------+-------+-------++-------
Melee: Falchion          |   111 |   150 |   499 |    97 ||   857
       Rapier            |       |       |       |     9 ||     9
Throw: Throwing net      |       |       |       |     1 ||     1
 Cast: Infusion          |     4 |     4 |    28 |    11 ||    47
       Song of Slaying   |     2 |     3 |     8 |     2 ||    15
       Shroud of Golubri |       |       |       |     5 ||     5
 Abil: Dig               |     1 |     4 |     3 |       ||     8
Evoke: Wand              |       |       |    11 |     1 ||    12
  Use: Potion            |       |     1 |     2 |     1 ||     4
       Scroll            |       |       |    12 |     1 ||    13
  Eat: Chunk             |     4 |     4 |    13 |     4 ||    25
       Fruit             |       |     1 |     2 |       ||     3
       Bread ration      |       |       |     1 |       ||     1
Armor: Leather armour    |    57 |    81 |   160 |     6 ||   304
       Troll leather arm |       |       |       |    31 ||    31
Dodge: Dodged            |    89 |   137 |   346 |    88 ||   660
       Rpst.: Falchion   |    24 |    47 |    96 |    20 ||   187
